Rocket vs Condors
(R1)
Created - April 27, 2022 at 19:15
Goals
|
| Rocket |
3 |
4 |
3 |
10 |
| Condors |
1 |
1 |
0 |
2 |
|
Shots
|
| Rocket |
14 |
12 |
14 |
40 |
| Condors |
14 |
11 |
9 |
34 |
|
1st period
1. Rocket , Brandon Pirri 21 (Corey Trivino 43) at 0:04
2. Rocket , Mattias Tedenby 33 (Brandon Pirri 28, Corey Trivino 44) at 8:21
3. Rocket , Dean Kukan 2 (Corey Trivino 45, Mattias Tedenby 33) at 8:53 (PP)
4. Condors , Adam Erne 26 (Louis Leblanc 14) at 18:11
Penalties :
Jakub Vrana (Lav) for Holding (Minor) at 2:17, Zac Leslie (Bak) for Tripping (Minor) at 8:36, Zac Leslie (Bak) for Hooking (Minor) at 11:55, Viktor Loov (Lav) for Goalie Interference (Minor) at 12:40, Philippe Myers (Bak) for Hooking (Minor) at 15:36
2nd period
5. Condors , Anton Slepyshev 22 (Tyler Bozak 39, Zac Leslie 29) at 1:42
6. Rocket , Mattias Tedenby 34 (Brandon Pirri 29, Jakub Vrana 10) at 3:49
7. Rocket , Corey Trivino 27 (Mattias Tedenby 34) at 10:28 (PP)
8. Rocket , Jiri Sekac 9 (Ty Rattie 7, Adrian Kempe 47) at 13:50
9. Rocket , Mattias Tedenby 35 (Corey Trivino 46) at 18:39
Penalties :
Adam Erne (Bak) for Hooking (Minor) at 10:08, Zac Leslie (Bak) for Holding (Minor) at 11:39, Adrian Kempe (Lav) for Goalie Interference (Minor) at 15:18
3rd period
10. Rocket , Mattias Tedenby 36 (Brandon Pirri 30) at 3:01
11. Rocket , Peter Holland 17 (Viktor Loov 22, Brandon Pirri 31) at 5:36
12. Rocket , Kole Sherwood 2 (Jakub Vrana 11, Viktor Loov 23) at 18:39
Penalties :
Scott Mayfield (Bak) for Fighting (Major) at 0:09, Viktor Loov (Lav) for Fighting (Major) at 0:09, Mattias Tedenby (Lav) for Interference (Minor) at 3:10, Louis Leblanc (Bak) for Interference (Minor) at 6:50, Carl Gunnarsson (Bak) for Hooking (Minor) at 14:24
Goalie Stats
Igor Shesterkin (Lav), 32 saves from 34 shots - (0.941), W, 25-13-1, 60:00 minutes
Mark Visentin (Bak), 5 saves from 9 shots - (0.556), 19:12 minutes
Carter Hart (Bak), 25 saves from 31 shots - (0.806), L, 24-16-0, 40:48 minutes
Players Stats for Rocket
Player Name G A P +/- PIM S H SB GA TA FO MP PP MP PK MP
------------------------------------------------------------------------------------
Adam Fox 0 0 0 2 0 1 0 0 0 0 0/0 10:49 0:00 1:21
Adrian Kempe 0 1 1 -1 2 3 2 0 1 0 0/1 16:53 3:48 2:01
Andrei Mironov 0 0 0 2 0 0 0 1 1 0 0/0 12:53 0:02 0:31
Andrey Pedan 0 0 0 1 0 2 3 1 0 2 0/0 22:13 3:24 2:49
Brandon Pirri 1 4 5 6 0 6 0 0 1 0 2/3 22:13 5:28 1:33
Corey Trivino 1 4 5 5 0 7 2 1 1 0 28/36 23:44 5:28 3:07
Danton Heinen 0 0 0 -1 0 0 1 1 1 0 0/0 14:17 3:48 0:00
Dean Kukan 1 0 1 3 0 1 1 2 0 0 0/0 28:39 5:52 3:53
Dominic Turgeon 0 0 0 0 0 1 1 0 0 1 3/6 12:59 0:00 2:30
Jakub Vrana 0 2 2 1 2 2 2 0 0 0 0/0 7:53 0:02 0:46
Jiri Sekac 1 0 1 0 0 3 0 0 0 0 0/0 10:57 0:02 0:05
Kole Sherwood 1 0 1 1 0 1 2 0 0 0 0/0 6:29 0:00 0:00
Luca Sbisa 0 0 0 1 0 2 1 3 2 1 0/0 21:05 3:26 2:39
Mason Appleton 0 0 0 1 0 0 0 0 0 0 2/2 7:53 0:00 1:14
Mattias Tedenby 4 2 6 5 2 7 1 0 3 1 3/5 22:38 5:28 2:02
Peter Holland 1 0 1 0 0 3 3 0 0 0 3/9 14:50 3:48 0:06
Ty Rattie 0 1 1 0 0 0 0 0 0 0 0/2 10:44 0:02 0:00
Viktor Loov 0 2 2 4 7 1 2 2 2 2 0/0 24:51 5:51 2:12
Players Stats for Condors
Player Name G A P +/- PIM S H SB GA TA FO MP PP MP PK MP
------------------------------------------------------------------------------------
Adam Erne 1 0 1 0 2 4 1 0 2 0 0/0 11:55 2:27 0:00
Alexandre Carrier 0 0 0 -1 0 1 0 0 0 1 0/0 15:23 0:39 3:32
Anton Slepyshev 1 0 1 -1 0 7 0 0 0 0 1/2 20:38 3:29 5:25
Brett Lernout 0 0 0 -1 0 1 0 0 0 0 0/0 8:29 0:00 0:20
Carl Gunnarsson 0 0 0 -3 2 0 5 2 0 3 0/0 24:23 3:31 4:20
Chris Bigras 0 0 0 -1 0 0 0 0 0 2 0/0 20:47 3:11 3:02
Christian Thomas 0 0 0 -2 0 3 0 0 0 0 0/0 9:27 0:34 1:34
Connor Hurley 0 0 0 -3 0 0 0 0 0 0 1/2 8:47 0:13 1:12
Daniel Zaar 0 0 0 -3 0 5 1 0 1 2 0/1 18:08 3:05 0:00
Gustav Olofsson 0 0 0 -1 0 0 0 0 0 0 0/0 4:56 0:00 0:32
Jesse Puljujarvi 0 0 0 0 0 0 0 0 1 0 0/0 10:20 0:01 0:00
Kiefer Sherwood 0 0 0 -2 0 1 1 0 0 0 0/0 7:02 0:00 0:00
Louis Leblanc 0 1 1 0 2 3 3 0 0 0 3/5 11:18 1:19 0:00
Mark Jankowski 0 0 0 -3 0 4 1 1 0 1 8/28 20:00 2:21 2:19
Philippe Myers 0 0 0 -1 2 0 0 0 0 0 0/0 4:33 0:00 0:00
Robby Fabbri 0 0 0 -3 0 4 3 0 1 1 0/0 20:54 2:49 2:40
Scott Mayfield 0 0 0 -1 5 0 1 0 1 1 0/0 18:44 2:34 3:02
Tyler Bozak 0 1 1 0 0 1 2 0 1 0 10/26 20:27 3:29 5:26
Tyson Jost 0 0 0 0 0 0 0 0 0 0 0/0 9:32 0:00 0:00
Zac Leslie 0 1 1 -4 6 0 1 4 0 1 0/0 23:36 3:48 3:48
3 Stars
1 - Mattias Tedenby (Lav)
2 - Corey Trivino (Lav)
3 - Brandon Pirri (Lav)
Power Play
Rocket - 2 on 8 Attempt(s) - 25.00%
Condors - 0 on 3 Attempt(s) - 0.00%
Penalty Kill
Rocket - 3 on 3 Attempt(s) - 100.00%
- Score 0 goal in Penalty Kill
Condors - 6 on 8 Attempt(s) - 75.00%
- Score 0 goal in Penalty Kill
Team Stat
Rocket - Hits : 21 - Faceoff Wins : 41 - Blocked Shots : 11 - Penalty Minutes : 13
Condors - Hits : 19 - Faceoff Wins : 23 - Blocked Shots : 7 - Penalty Minutes : 19
Official
Referees : Reid Anderson and Tim Peel
Linesman : Steve Miller and Greg Devorski
Game Notes
Mark Visentin enters game at 3:49 of 2nd period
Mattias Tedenby has scored a Hat Trick!
Scott Mayfield and Viktor Loov fight to a draw at 0:09 of 3rd period
2:55 of 3rd period - Penalty Shot by Tyson Jost for Condors - Stopped by Igor Shesterkin
Carter Hart enters game at 3:01 of 3rd period
Finance
Level 1 -- Attendance: 1802 (90.10%) -- Ticket Income $63,070
Level 2 -- Attendance: 915 (91.50%) -- Ticket Income $13,725
Total Attendance: 2717 (90.57%)
Total Ticket Income: $76,795
Other Income: $3,840
Total Income: $80,635
Rocket
5 vs 5 Forward
Center Left Wing Right Wing Time % Phy DF OF
1 Corey Trivino Brandon Pirri Mattias Tedenby 40 1 2 2
2 Peter Holland Adrian Kempe Danton Heinen 30 1 2 2
3 Dominic Turgeon Jiri Sekac Ty Rattie 20 1 2 2
4 Mason Appleton Jakub Vrana Kole Sherwood 10 1 2 2
5 vs 5 Defense
Defense Defense Time % Phy DF OF
1 Viktor Loov Dean Kukan 40 1 2 2
2 Andrey Pedan Luca Sbisa 30 1 2 2
3 Andrei Mironov Adam Fox 20 1 2 2
4 Viktor Loov Dean Kukan 10 1 2 2
PowerPlay Forward
Center Left Wing Right Wing Time % Phy DF OF
1 Corey Trivino Brandon Pirri Mattias Tedenby 60 1 2 2
2 Peter Holland Adrian Kempe Danton Heinen 40 1 2 2
PowerPlay Defense
Defense Defense Time % Phy DF OF
1 Viktor Loov Dean Kukan 60 1 2 2
2 Andrey Pedan Luca Sbisa 40 1 2 2
Penalty Kill 4 Players Forward
Center Wing Time % Phy DF OF
1 Mattias Tedenby Corey Trivino 60 1 2 2
2 Brandon Pirri Adrian Kempe 40 1 2 2
Penalty Kill 4 Players Defense
Defense Defense Time % Phy DF OF
1 Viktor Loov Dean Kukan 60 1 2 2
2 Andrey Pedan Luca Sbisa 40 1 2 2
Penalty Kill - 3 Players Forward
Forward Time % Phy DF OF
1 Mattias Tedenby 60 1 2 2
2 Corey Trivino 40 1 2 2
Penalty Kill - 3 Players Defense
Defense Defense Time % Phy DF OF
1 Viktor Loov Dean Kukan 60 1 2 2
2 Andrey Pedan Luca Sbisa 40 1 2 2
4 vs 4 Forward
Center Wing Time % Phy DF OF
1 Mattias Tedenby Corey Trivino 60 1 2 2
2 Brandon Pirri Adrian Kempe 40 1 2 2
4 vs 4 Defense
Defense Defense Time % Phy DF OF
1 Viktor Loov Dean Kukan 60 1 2 2
2 Andrey Pedan Luca Sbisa 40 1 2 2
Last Minutes Offensive
Center Left Wing Right Wing Defense Defense
Corey Trivino Brandon Pirri Mattias Tedenby Viktor Loov Dean Kukan
Last Minutes Defensive
Center Left Wing Right Wing Defense Defense
Corey Trivino Brandon Pirri Mattias Tedenby Viktor Loov Dean Kukan
Goaltenders
Starting : Igor Shesterkin
Backup : Sami Aittokallio
Extra Forwards
Normal : Jiri Sekac, Jakub Vrana, Dominic Turgeon - PP : Jiri Sekac, Jakub Vrana - PK : Dominic Turgeon
Extra Defensemen
Normal : Andrei Mironov, Adam Fox, Andrey Pedan - PP : Andrei Mironov - PK : Adam Fox, Andrey Pedan
Penalty Shots
Mattias Tedenby, Corey Trivino, Brandon Pirri, Adrian Kempe, Danton Heinen
Scratches
Daniel Sprong (Healthy), Dylan DeMelo (Healthy), Guillaume Brisebois (Healthy), Jack Glover (Bruised Right Foot Injury), Ryan Collins (Healthy)
Sergey Tolchinsky (Healthy), Tyler Lewington (Healthy), Karson Kuhlman (Healthy), Luke Kunin (Healthy), Mikhail Maltsev (Healthy)
Condors
5 vs 5 Forward
Center Left Wing Right Wing Time % Phy DF OF
1 Mark Jankowski Robby Fabbri Daniel Zaar 40 1 2 2
2 Tyler Bozak Anton Slepyshev Jesse Puljujarvi 30 1 2 2
3 Louis Leblanc Tyson Jost Adam Erne 20 1 2 2
4 Connor Hurley Christian Thomas Kiefer Sherwood 10 1 2 2
5 vs 5 Defense
Defense Defense Time % Phy DF OF
1 Carl Gunnarsson Zac Leslie 40 1 2 2
2 Chris Bigras Scott Mayfield 30 1 2 2
3 Brett Lernout Alexandre Carrier 20 1 2 2
4 Gustav Olofsson Philippe Myers 10 1 2 2
PowerPlay Forward
Center Left Wing Right Wing Time % Phy DF OF
1 Tyler Bozak Anton Slepyshev Daniel Zaar 60 1 2 2
2 Mark Jankowski Robby Fabbri Adam Erne 40 1 2 2
PowerPlay Defense
Defense Defense Time % Phy DF OF
1 Carl Gunnarsson Zac Leslie 60 1 2 2
2 Chris Bigras Scott Mayfield 40 1 2 2
Penalty Kill 4 Players Forward
Center Wing Time % Phy DF OF
1 Tyler Bozak Anton Slepyshev 60 1 2 2
2 Mark Jankowski Robby Fabbri 40 1 2 2
Penalty Kill 4 Players Defense
Defense Defense Time % Phy DF OF
1 Carl Gunnarsson Zac Leslie 60 1 2 2
2 Chris Bigras Scott Mayfield 40 1 2 2
Penalty Kill - 3 Players Forward
Forward Time % Phy DF OF
1 Tyler Bozak 60 1 2 2
2 Mark Jankowski 40 1 2 2
Penalty Kill - 3 Players Defense
Defense Defense Time % Phy DF OF
1 Carl Gunnarsson Zac Leslie 60 1 2 2
2 Chris Bigras Scott Mayfield 40 1 2 2
4 vs 4 Forward
Center Wing Time % Phy DF OF
1 Tyler Bozak Anton Slepyshev 60 1 2 2
2 Mark Jankowski Robby Fabbri 40 1 2 2
4 vs 4 Defense
Defense Defense Time % Phy DF OF
1 Carl Gunnarsson Zac Leslie 60 1 2 2
2 Chris Bigras Scott Mayfield 40 1 2 2
Last Minutes Offensive
Center Left Wing Right Wing Defense Defense
Tyler Bozak Anton Slepyshev Daniel Zaar Carl Gunnarsson Zac Leslie
Last Minutes Defensive
Center Left Wing Right Wing Defense Defense
Tyler Bozak Anton Slepyshev Daniel Zaar Carl Gunnarsson Zac Leslie
Goaltenders
Starting : Carter Hart
Backup : Mark Visentin
Extra Forwards
Normal : Robby Fabbri, Louis Leblanc, Tyson Jost - PP : Robby Fabbri, Louis Leblanc - PK : Robby Fabbri
Extra Defensemen
Normal : Alexandre Carrier, Gustav Olofsson, Philippe Myers - PP : Alexandre Carrier - PK : Alexandre Carrier, Gustav Olofsson
Penalty Shots
Tyler Bozak, Anton Slepyshev, Mark Jankowski, Daniel Zaar, Robby Fabbri
Scratches
Anders Bjork (Healthy), Cole Cassels (Healthy), Colin White (Healthy), Emil Djuse (Healthy), Jeremy Gregoire (Healthy)
Jordan Subban (Healthy), Nick Merkley (Healthy), Remi Elie (Healthy), Nikolai Knyzhov (Healthy), Lucas Johansen (Healthy)
Jack Campbell (Healthy)
% Time on Ice - Rocket
Lines # - Real PCT - Wanted PCT - Time Play
Normal Forward
1 - 36% - 40% - 15:21
2 - 25% - 30% - 10:31
3 - 24% - 20% - 10:25
4 - 15% - 10% - 6:29
Normal Defense
1 - 42% - 40% - 18:10
2 - 34% - 30% - 14:41
3 - 22% - 20% - 9:12
4 - 2% - 10% - 0:43
PP Forward
1 - 59% - 60% - 5:30
2 - 41% - 40% - 3:48
PP Defense
1 - 63% - 60% - 5:52
2 - 37% - 40% - 3:26
PK Forward
1 - 86% - 60% - 5:46
2 - 14% - 40% - 0:56
PK Defense
1 - 60% - 60% - 4:03
2 - 40% - 40% - 2:39
PK3 Forward
1 - 0% - 60%
2 - 0% - 40%
PK3 Defense
1 - 0% - 60%
2 - 0% - 40%
44 Forward
1 - 73% - 60% - 0:54
2 - 27% - 40% - 0:20
44 Defense
1 - 74% - 60% - 0:55
2 - 26% - 40% - 0:19
Last Minute Offensive - 0:00
Last Minute Defensive - 0:00
Total
Forward - 60:00
Defense - 60:00
|
% Time on Ice - Condors
Lines # - Real PCT - Wanted PCT - Time Play
Normal Forward
1 - 37% - 40% - 16:02
2 - 24% - 30% - 10:10
3 - 22% - 20% - 9:32
4 - 16% - 10% - 7:02
Normal Defense
1 - 39% - 40% - 16:45
2 - 32% - 30% - 13:48
3 - 19% - 20% - 7:57
4 - 10% - 10% - 4:16
PP Forward
1 - 59% - 60% - 3:57
2 - 41% - 40% - 2:45
PP Defense
1 - 52% - 60% - 3:31
2 - 48% - 40% - 3:11
PK Forward
1 - 75% - 60% - 6:59
2 - 25% - 40% - 2:19
PK Defense
1 - 67% - 60% - 6:16
2 - 33% - 40% - 3:02
PK3 Forward
1 - 0% - 60%
2 - 0% - 40%
PK3 Defense
1 - 0% - 60%
2 - 0% - 40%
44 Forward
1 - 72% - 60% - 0:53
2 - 28% - 40% - 0:21
44 Defense
1 - 38% - 60% - 0:28
2 - 62% - 40% - 0:46
Last Minute Offensive - 0:00
Last Minute Defensive - 0:00
Total
Forward - 60:00
Defense - 60:00
|
Play-by-Play
1st period
0:01 of 1st period - Corey Trivino wins face-off versus Daniel Zaar in neutral zone.
0:04 of 1st period - Snap shot by Brandon Pirri.
0:04 of 1st period - Goal by Brandon Pirri - Rocket : 1 - Condors : 0.
0:05 of 1st period - Peter Holland wins face-off versus Tyler Bozak in neutral zone.
0:08 of 1st period - Snap shot by Adrian Kempe.
0:08 of 1st period - Stopped by Carter Hart without a rebound.
0:09 of 1st period - Tyler Bozak wins face-off versus Peter Holland in Condors zone.
0:24 of 1st period - Chris Bigras is hit by Peter Holland and loses puck.
0:46 of 1st period - Wrist shot by Mark Jankowski.
0:46 of 1st period - Shot Misses the Net.
1:16 of 1st period - Tyson Jost is hit by Kole Sherwood and loses puck.
1:25 of 1st period - Jakub Vrana is hit by Louis Leblanc and loses puck.
1:34 of 1st period - Wrist shot by Louis Leblanc.
1:34 of 1st period - Stopped by Igor Shesterkin with a rebound.
1:36 of 1st period - Wrist shot by Carl Gunnarsson.
1:36 of 1st period - Shot Blocked by Viktor Loov.
1:38 of 1st period - Wrist shot by Louis Leblanc.
1:38 of 1st period - Shot Misses the Net.
1:50 of 1st period - Snap shot by Adam Erne.
1:50 of 1st period - Stopped by Igor Shesterkin with a rebound.
2:00 of 1st period - Snap shot by Adam Erne.
2:00 of 1st period - Shot Blocked by Dean Kukan.
2:02 of 1st period - Snap shot by Louis Leblanc.
2:02 of 1st period - Shot Misses the Net.
2:04 of 1st period - Slapshot by Carl Gunnarsson.
2:04 of 1st period - Shot Blocked by Viktor Loov.
2:06 of 1st period - Slapshot by Adam Erne.
2:06 of 1st period - Shot Misses the Net.
2:17 of 1st period - Minor Penalty to Jakub Vrana for Holding.
2:18 of 1st period - Tyler Bozak wins face-off versus Mattias Tedenby in Rocket zone.
2:18 of 1st period - Slapshot by Anton Slepyshev.
2:18 of 1st period - Stopped by Igor Shesterkin with a rebound.
2:20 of 1st period - Wrist shot by Daniel Zaar.
2:20 of 1st period - Stopped by Igor Shesterkin with a rebound.
2:55 of 1st period - Zac Leslie is hit by Mattias Tedenby and loses puck.
2:59 of 1st period - Icing by Zac Leslie.
3:00 of 1st period - Mattias Tedenby wins face-off versus Mark Jankowski in Condors zone.
3:01 of 1st period - Snap shot by Corey Trivino.
3:01 of 1st period - Stopped by Carter Hart with a rebound.
3:07 of 1st period - Viktor Loov is hit by Mark Jankowski and loses puck.
3:18 of 1st period - Chris Bigras is hit by Viktor Loov and loses puck.
4:17 of 1st period - Penalty to Jakub Vrana is over, Jakub Vrana is back on ice.
4:56 of 1st period - Tyson Jost is hit by Adrian Kempe.
5:44 of 1st period - Viktor Loov is hit by Tyler Bozak and loses puck.
6:12 of 1st period - Viktor Loov is hit by Louis Leblanc and loses puck.
6:56 of 1st period - Wrist shot by Luca Sbisa.
6:56 of 1st period - Stopped by Carter Hart with a rebound.
6:58 of 1st period - Snap shot by Andrey Pedan.
6:58 of 1st period - Stopped by Carter Hart without a rebound.
6:59 of 1st period - Corey Trivino wins face-off versus Louis Leblanc in Condors zone.
7:51 of 1st period - Chris Bigras is hit by Kole Sherwood and loses puck.
8:10 of 1st period - Connor Hurley is hit by Corey Trivino and loses puck.
8:21 of 1st period - Snap shot by Mattias Tedenby.
8:21 of 1st period - Goal by Mattias Tedenby - Rocket : 2 - Condors : 0.
8:22 of 1st period - Corey Trivino wins face-off versus Mark Jankowski in neutral zone.
8:36 of 1st period - Minor Penalty to Zac Leslie for Tripping.
8:37 of 1st period - Corey Trivino wins face-off versus Tyler Bozak in Condors zone.
8:51 of 1st period - Snap shot by Corey Trivino.
8:51 of 1st period - Shot Misses the Net.
8:53 of 1st period - Slapshot by Dean Kukan.
8:53 of 1st period - Goal by Dean Kukan - Rocket : 3 - Condors : 0.
8:54 of 1st period - Corey Trivino wins face-off versus Mark Jankowski in neutral zone.
8:57 of 1st period - Slapshot by Brandon Pirri.
8:57 of 1st period - Stopped by Carter Hart with a rebound.
9:42 of 1st period - Wrist shot by Christian Thomas.
9:42 of 1st period - Stopped by Igor Shesterkin without a rebound.
9:43 of 1st period - Dominic Turgeon wins face-off versus Connor Hurley in Rocket zone.
10:26 of 1st period - Wrist shot by Kiefer Sherwood.
10:26 of 1st period - Shot Misses the Net.
10:36 of 1st period - Slapshot by Jiri Sekac.
10:36 of 1st period - Stopped by Carter Hart without a rebound.
10:37 of 1st period - Corey Trivino wins face-off versus Mark Jankowski in Condors zone.
11:18 of 1st period - Snap shot by Robby Fabbri.
11:18 of 1st period - Shot Misses the Net.
11:22 of 1st period - Snap shot by Daniel Zaar.
11:22 of 1st period - Stopped by Igor Shesterkin with a rebound.
11:24 of 1st period - Wrist shot by Daniel Zaar.
11:24 of 1st period - Shot Blocked by Luca Sbisa.
11:26 of 1st period - Snap shot by Robby Fabbri.
11:26 of 1st period - Shot Blocked by Luca Sbisa.
11:28 of 1st period - Snap shot by Mark Jankowski.
11:28 of 1st period - Stopped by Igor Shesterkin with a rebound.
11:30 of 1st period - Snap shot by Robby Fabbri.
11:30 of 1st period - Stopped by Igor Shesterkin with a rebound.
11:32 of 1st period - Wrist shot by Robby Fabbri.
11:32 of 1st period - Stopped by Igor Shesterkin without a rebound.
11:33 of 1st period - Corey Trivino wins face-off versus Tyler Bozak in Rocket zone.
11:33 of 1st period - Corey Trivino is hit by Zac Leslie.
11:39 of 1st period - Backhand shot by Corey Trivino.
11:39 of 1st period - Stopped by Carter Hart with a rebound.
11:41 of 1st period - Slapshot by Brandon Pirri.
11:41 of 1st period - Shot Misses the Net.
11:55 of 1st period - Minor Penalty to Zac Leslie for Hooking.
11:56 of 1st period - Corey Trivino wins face-off versus Tyler Bozak in Condors zone.
12:10 of 1st period - Off-side.
12:11 of 1st period - Corey Trivino wins face-off versus Tyler Bozak in neutral zone.
12:14 of 1st period - Slapshot by Viktor Loov.
12:14 of 1st period - Deflect By Tyler Bozak.
12:14 of 1st period - Stopped by Carter Hart with a rebound.
12:24 of 1st period - Snap shot by Anton Slepyshev.
12:24 of 1st period - Stopped by Igor Shesterkin without a rebound.
12:25 of 1st period - Corey Trivino wins face-off versus Tyler Bozak in Rocket zone.
12:40 of 1st period - Minor Penalty to Viktor Loov for Goalie Interference.
12:41 of 1st period - Tyler Bozak wins face-off versus Mattias Tedenby in Rocket zone.
12:44 of 1st period - Snap shot by Tyler Bozak.
12:44 of 1st period - Shot Misses the Net.
12:46 of 1st period - Snap shot by Tyler Bozak.
12:46 of 1st period - Shot Blocked by Andrei Mironov.
12:54 of 1st period - Slapshot by Anton Slepyshev.
12:54 of 1st period - Stopped by Igor Shesterkin with a rebound.
12:56 of 1st period - Wrist shot by Carl Gunnarsson.
12:56 of 1st period - Shot Blocked by Corey Trivino.
13:55 of 1st period - Penalty to Zac Leslie is over, Zac Leslie is back on ice.
13:55 of 1st period - Luca Sbisa is hit by Louis Leblanc and loses puck.
14:40 of 1st period - Penalty to Viktor Loov is over, Viktor Loov is back on ice.
14:49 of 1st period - Alexandre Carrier is hit by Andrey Pedan and loses puck.
15:36 of 1st period - Minor Penalty to Philippe Myers for Hooking.
15:37 of 1st period - Corey Trivino wins face-off versus Tyler Bozak in Condors zone.
15:38 of 1st period - Wrist shot by Mattias Tedenby.
15:38 of 1st period - Shot Misses the Net.
17:36 of 1st period - Penalty to Philippe Myers is over, Philippe Myers is back on ice.
17:49 of 1st period - Snap shot by Jakub Vrana.
17:49 of 1st period - Shot Misses the Net.
18:03 of 1st period - Snap shot by Adam Erne.
18:03 of 1st period - Stopped by Igor Shesterkin without a rebound.
18:04 of 1st period - Louis Leblanc wins face-off versus Ty Rattie in Rocket zone.
18:05 of 1st period - Snap shot by Adam Erne.
18:05 of 1st period - Shot Blocked by Luca Sbisa.
18:07 of 1st period - Snap shot by Adam Erne.
18:07 of 1st period - Stopped by Igor Shesterkin with a rebound.
18:11 of 1st period - Slapshot by Adam Erne.
18:11 of 1st period - Goal by Adam Erne - Rocket : 3 - Condors : 1.
18:12 of 1st period - Corey Trivino wins face-off versus Mark Jankowski in neutral zone.
18:39 of 1st period - Slapshot by Adrian Kempe.
18:39 of 1st period - Stopped by Carter Hart without a rebound.
18:40 of 1st period - Peter Holland wins face-off versus Tyler Bozak in Condors zone.
19:02 of 1st period - Wrist shot by Anton Slepyshev.
19:02 of 1st period - Shot Blocked by Andrey Pedan.
19:08 of 1st period - Snap shot by Adrian Kempe.
19:08 of 1st period - Stopped by Carter Hart with a rebound.
19:10 of 1st period - Snap shot by Andrey Pedan.
19:10 of 1st period - Stopped by Carter Hart without a rebound.
19:11 of 1st period - Mark Jankowski wins face-off versus Corey Trivino in Condors zone.
19:11 of 1st period - Mark Jankowski is hit by Corey Trivino.
19:25 of 1st period - Snap shot by Daniel Zaar.
19:25 of 1st period - Shot Misses the Net.
19:37 of 1st period - Chris Bigras is hit by Viktor Loov.
Goals for this period are 3 for Rocket vs 1 for Condors.
Shots for this period are 14 for Rocket vs 14 for Condors.
2nd period
0:01 of 2nd period - Mark Jankowski wins face-off versus Corey Trivino in neutral zone.
0:25 of 2nd period - Scott Mayfield is hit by Dean Kukan.
0:51 of 2nd period - Wrist shot by Zac Leslie.
0:51 of 2nd period - Deflect By Kiefer Sherwood.
0:51 of 2nd period - Shot Misses the Net.
0:51 of 2nd period - Puck is out of play.
0:52 of 2nd period - Connor Hurley wins face-off versus Dominic Turgeon in Rocket zone.
0:53 of 2nd period - Snap shot by Christian Thomas.
0:53 of 2nd period - Stopped by Igor Shesterkin with a rebound.
0:55 of 2nd period - Slapshot by Zac Leslie.
0:55 of 2nd period - Deflect By Kiefer Sherwood.
0:55 of 2nd period - Stopped by Igor Shesterkin with a rebound.
1:07 of 2nd period - Slapshot by Zac Leslie.
1:07 of 2nd period - Deflect By Kiefer Sherwood.
1:07 of 2nd period - Shot Misses the Net.
1:07 of 2nd period - Puck is out of play.
1:08 of 2nd period - Corey Trivino wins face-off versus Mark Jankowski in Rocket zone.
1:23 of 2nd period - Snap shot by Brandon Pirri.
1:23 of 2nd period - Stopped by Carter Hart with a rebound.
1:42 of 2nd period - Wrist shot by Anton Slepyshev.
1:42 of 2nd period - Goal by Anton Slepyshev - Rocket : 3 - Condors : 2.
1:43 of 2nd period - Mark Jankowski wins face-off versus Corey Trivino in neutral zone.
2:10 of 2nd period - Slapshot by Luca Sbisa.
2:10 of 2nd period - Stopped by Carter Hart without a rebound.
2:11 of 2nd period - Tyler Bozak wins face-off versus Ty Rattie in Condors zone.
2:27 of 2nd period - Luca Sbisa is hit by Tyler Bozak and loses puck.
3:26 of 2nd period - Jakub Vrana is hit by Carl Gunnarsson and loses puck.
3:43 of 2nd period - Slapshot by Mattias Tedenby.
3:43 of 2nd period - Stopped by Carter Hart with a rebound.
3:45 of 2nd period - Snap shot by Mattias Tedenby.
3:45 of 2nd period - Stopped by Carter Hart with a rebound.
3:47 of 2nd period - Wrist shot by Brandon Pirri.
3:47 of 2nd period - Shot Blocked by Zac Leslie.
3:49 of 2nd period - Slapshot by Mattias Tedenby.
3:49 of 2nd period - Goal by Mattias Tedenby - Rocket : 4 - Condors : 2.
3:49 of 2nd period - Mark Visentin enters game.
3:50 of 2nd period - Mark Jankowski wins face-off versus Brandon Pirri in neutral zone.
4:14 of 2nd period - Icing by Andrei Mironov.
4:15 of 2nd period - Tyler Bozak wins face-off versus Peter Holland in Rocket zone.
4:42 of 2nd period - Backhand shot by Brandon Pirri.
4:42 of 2nd period - Shot Blocked by Carl Gunnarsson.
4:44 of 2nd period - Wrist shot by Corey Trivino.
4:44 of 2nd period - Shot Blocked by Mark Jankowski.
4:46 of 2nd period - Slapshot by Adam Fox.
4:46 of 2nd period - Shot Blocked by Zac Leslie.
4:48 of 2nd period - Slapshot by Adam Fox.
4:48 of 2nd period - Stopped by Mark Visentin with a rebound.
5:04 of 2nd period - Slapshot by Ty Rattie.
5:04 of 2nd period - Shot Misses the Net.
7:29 of 2nd period - Backhand shot by Daniel Zaar.
7:29 of 2nd period - Shot Misses the Net.
8:01 of 2nd period - Snap shot by Louis Leblanc.
8:01 of 2nd period - Shot Misses the Net.
8:11 of 2nd period - Brett Lernout is hit by Jakub Vrana and loses puck.
8:18 of 2nd period - Wrist shot by Mason Appleton.
8:18 of 2nd period - Shot Misses the Net.
8:36 of 2nd period - Snap shot by Kiefer Sherwood.
8:36 of 2nd period - Deflect By Mark Jankowski.
8:36 of 2nd period - Shot Misses the Net.
8:36 of 2nd period - Puck is out of play.
8:37 of 2nd period - Mark Jankowski wins face-off versus Peter Holland in Rocket zone.
8:46 of 2nd period - Wrist shot by Daniel Zaar.
8:46 of 2nd period - Stopped by Igor Shesterkin with a rebound.
8:48 of 2nd period - Snap shot by Robby Fabbri.
8:48 of 2nd period - Stopped by Igor Shesterkin with a rebound.
9:23 of 2nd period - Snap shot by Louis Leblanc.
9:23 of 2nd period - Stopped by Igor Shesterkin without a rebound.
9:24 of 2nd period - Louis Leblanc wins face-off versus Dominic Turgeon in Rocket zone.
9:49 of 2nd period - Zac Leslie is hit by Luca Sbisa and loses puck.
10:08 of 2nd period - Minor Penalty to Adam Erne for Hooking.
10:09 of 2nd period - Tyler Bozak wins face-off versus Corey Trivino in Condors zone.
10:24 of 2nd period - Wrist shot by Mattias Tedenby.
10:24 of 2nd period - Deflect By Brandon Pirri.
10:24 of 2nd period - Shot Blocked by Zac Leslie.
10:24 of 2nd period - Puck is out of play.
10:25 of 2nd period - Corey Trivino wins face-off versus Tyler Bozak in Condors zone.
10:28 of 2nd period - Snap shot by Corey Trivino.
10:28 of 2nd period - Goal by Corey Trivino - Rocket : 5 - Condors : 2.
10:29 of 2nd period - Mark Jankowski wins face-off versus Corey Trivino in neutral zone.
10:32 of 2nd period - Slapshot by Carl Gunnarsson.
10:32 of 2nd period - Shot Blocked by Dean Kukan.
10:34 of 2nd period - Wrist shot by Robby Fabbri.
10:34 of 2nd period - Stopped by Igor Shesterkin with a rebound.
10:36 of 2nd period - Slapshot by Carl Gunnarsson.
10:36 of 2nd period - Shot Misses the Net.
11:19 of 2nd period - Snap shot by Connor Hurley.
11:19 of 2nd period - Shot Misses the Net.
11:23 of 2nd period - Wrist shot by Connor Hurley.
11:23 of 2nd period - Shot Misses the Net.
11:25 of 2nd period - Snap shot by Christian Thomas.
11:25 of 2nd period - Stopped by Igor Shesterkin with a rebound.
11:27 of 2nd period - Slapshot by Brett Lernout.
11:27 of 2nd period - Stopped by Igor Shesterkin without a rebound.
11:28 of 2nd period - Corey Trivino wins face-off versus Mark Jankowski in Rocket zone.
11:28 of 2nd period - Corey Trivino is hit by Daniel Zaar.
11:39 of 2nd period - Minor Penalty to Zac Leslie for Holding.
11:40 of 2nd period - Anton Slepyshev wins face-off versus Corey Trivino in Condors zone.
11:56 of 2nd period - Snap shot by Dean Kukan.
11:56 of 2nd period - Deflect By Brandon Pirri.
11:56 of 2nd period - Stopped by Mark Visentin with a rebound.
13:39 of 2nd period - Penalty to Zac Leslie is over, Zac Leslie is back on ice.
13:50 of 2nd period - Snap shot by Jiri Sekac.
13:50 of 2nd period - Goal by Jiri Sekac - Rocket : 6 - Condors : 2.
13:51 of 2nd period - Brandon Pirri wins face-off versus Mark Jankowski in neutral zone.
14:00 of 2nd period - Wrist shot by Mattias Tedenby.
14:00 of 2nd period - Stopped by Mark Visentin without a rebound.
14:01 of 2nd period - Brandon Pirri wins face-off versus Mark Jankowski in Condors zone.
14:50 of 2nd period - Daniel Zaar is hit by Andrey Pedan and loses puck.
15:03 of 2nd period - Wrist shot by Mattias Tedenby.
15:03 of 2nd period - Shot Misses the Net.
15:12 of 2nd period - Icing by Zac Leslie.
15:13 of 2nd period - Mark Jankowski wins face-off versus Peter Holland in Condors zone.
15:13 of 2nd period - Mark Jankowski is hit by Peter Holland.
15:18 of 2nd period - Minor Penalty to Adrian Kempe for Goalie Interference.
15:19 of 2nd period - Mattias Tedenby wins face-off versus Tyler Bozak in Rocket zone.
15:39 of 2nd period - Wrist shot by Anton Slepyshev.
15:39 of 2nd period - Shot Misses the Net.
17:18 of 2nd period - Penalty to Adrian Kempe is over, Adrian Kempe is back on ice.
17:20 of 2nd period - Adrian Kempe is hit by Carl Gunnarsson and loses puck.
18:35 of 2nd period - Wrist shot by Peter Holland.
18:35 of 2nd period - Stopped by Mark Visentin without a rebound.
18:36 of 2nd period - Corey Trivino wins face-off versus Mark Jankowski in Condors zone.
18:39 of 2nd period - Slapshot by Mattias Tedenby.
18:39 of 2nd period - Goal by Mattias Tedenby - Rocket : 7 - Condors : 2.
18:40 of 2nd period - Corey Trivino wins face-off versus Mark Jankowski in neutral zone.
19:11 of 2nd period - Wrist shot by Anton Slepyshev.
19:11 of 2nd period - Stopped by Igor Shesterkin with a rebound.
19:13 of 2nd period - Wrist shot by Anton Slepyshev.
19:13 of 2nd period - Stopped by Igor Shesterkin with a rebound.
19:15 of 2nd period - Slapshot by Anton Slepyshev.
19:15 of 2nd period - Deflect By Adrian Kempe.
19:15 of 2nd period - Shot Misses the Net.
19:15 of 2nd period - Puck is out of play.
19:16 of 2nd period - Tyler Bozak wins face-off versus Peter Holland in Rocket zone.
19:46 of 2nd period - Slapshot by Alexandre Carrier.
19:46 of 2nd period - Shot Misses the Net.
Goals for this period are 4 for Rocket vs 1 for Condors.
Shots for this period are 12 for Rocket vs 11 for Condors.
3rd period
0:01 of 3rd period - Corey Trivino wins face-off versus Tyler Bozak in neutral zone.
0:09 of 3rd period - Scott Mayfield and Viktor Loov fight to a draw.
0:09 of 3rd period - Penalty to Scott Mayfield for Fighting.
0:09 of 3rd period - Penalty to Viktor Loov for Fighting.
0:10 of 3rd period - Corey Trivino wins face-off versus Mark Jankowski in Condors zone.
0:30 of 3rd period - Brandon Pirri is hit by Robby Fabbri and loses puck.
1:09 of 3rd period - Alexandre Carrier is hit by Andrey Pedan and loses puck.
1:36 of 3rd period - Snap shot by Jiri Sekac.
1:36 of 3rd period - Stopped by Mark Visentin with a rebound.
1:54 of 3rd period - Snap shot by Daniel Zaar.
1:54 of 3rd period - Stopped by Igor Shesterkin without a rebound.
1:55 of 3rd period - Corey Trivino wins face-off versus Tyler Bozak in Rocket zone.
2:04 of 3rd period - Wrist shot by Tyler Bozak.
2:04 of 3rd period - Shot Misses the Net.
2:29 of 3rd period - Slapshot by Adrian Kempe.
2:29 of 3rd period - Shot Misses the Net.
2:55 of 3rd period - Penalty Shot by Tyson Jost for Condors.
2:55 of 3rd period - Deke by Tyson Jost.
2:55 of 3rd period - Stopped by Igor Shesterkin.
2:56 of 3rd period - Corey Trivino wins face-off versus Mark Jankowski in Condors zone.
3:01 of 3rd period - Wrist shot by Mattias Tedenby.
3:01 of 3rd period - Goal by Mattias Tedenby - Rocket : 8 - Condors : 2.
3:01 of 3rd period - Carter Hart enters game.
3:02 of 3rd period - Corey Trivino wins face-off versus Mark Jankowski in neutral zone.
3:07 of 3rd period - Wrist shot by Mark Jankowski.
3:07 of 3rd period - Stopped by Igor Shesterkin without a rebound.
3:08 of 3rd period - Corey Trivino wins face-off versus Mark Jankowski in Rocket zone.
3:10 of 3rd period - Minor Penalty to Mattias Tedenby for Interference.
3:11 of 3rd period - Tyler Bozak wins face-off versus Dominic Turgeon in Rocket zone.
3:27 of 3rd period - Snap shot by Daniel Zaar.
3:27 of 3rd period - Deflect By Adam Fox.
3:27 of 3rd period - Shot Misses the Net.
3:27 of 3rd period - Puck is out of play.
3:28 of 3rd period - Dominic Turgeon wins face-off versus Mark Jankowski in Rocket zone.
3:37 of 3rd period - Snap shot by Corey Trivino.
3:37 of 3rd period - Stopped by Carter Hart with a rebound.
5:09 of 3rd period - Penalty to Viktor Loov is over, Viktor Loov is back on ice.
5:16 of 3rd period - Viktor Loov is hit by Kiefer Sherwood and loses puck.
5:25 of 3rd period - Christian Thomas is hit by Peter Holland and loses puck.
5:34 of 3rd period - Wrist shot by Peter Holland.
5:34 of 3rd period - Stopped by Carter Hart with a rebound.
5:36 of 3rd period - Snap shot by Viktor Loov.
5:36 of 3rd period - Deflect By Peter Holland.
5:36 of 3rd period - Goal by Peter Holland - Rocket : 9 - Condors : 2.
5:37 of 3rd period - Corey Trivino wins face-off versus Mark Jankowski in neutral zone.
6:06 of 3rd period - Off-side.
6:07 of 3rd period - Tyler Bozak wins face-off versus Adrian Kempe in neutral zone.
6:12 of 3rd period - Snap shot by Anton Slepyshev.
6:12 of 3rd period - Stopped by Igor Shesterkin with a rebound.
6:50 of 3rd period - Minor Penalty to Louis Leblanc for Interference.
6:51 of 3rd period - Corey Trivino wins face-off versus Tyler Bozak in Condors zone.
7:02 of 3rd period - Snap shot by Corey Trivino.
7:02 of 3rd period - Shot Misses the Net.
7:04 of 3rd period - Wrist shot by Corey Trivino.
7:04 of 3rd period - Shot Misses the Net.
7:06 of 3rd period - Slapshot by Andrey Pedan.
7:06 of 3rd period - Shot Blocked by Zac Leslie.
8:11 of 3rd period - Adrian Kempe is hit by Carl Gunnarsson and loses puck.
8:40 of 3rd period - Andrey Pedan is hit by Robby Fabbri and loses puck.
8:47 of 3rd period - Snap shot by Mark Jankowski.
8:47 of 3rd period - Stopped by Igor Shesterkin without a rebound.
8:48 of 3rd period - Mattias Tedenby wins face-off versus Tyler Bozak in Rocket zone.
8:50 of 3rd period - Penalty to Louis Leblanc is over, Louis Leblanc is back on ice.
9:14 of 3rd period - Robby Fabbri is hit by Dominic Turgeon and loses puck.
9:58 of 3rd period - Snap shot by Corey Trivino.
9:58 of 3rd period - Stopped by Carter Hart with a rebound.
10:00 of 3rd period - Slapshot by Adam Fox.
10:00 of 3rd period - Shot Blocked by Carl Gunnarsson.
10:12 of 3rd period - Wrist shot by Mark Jankowski.
10:12 of 3rd period - Deflect By Daniel Zaar.
10:12 of 3rd period - Shot Misses the Net.
10:12 of 3rd period - Puck is out of play.
10:13 of 3rd period - Dominic Turgeon wins face-off versus Mark Jankowski in Rocket zone.
10:37 of 3rd period - Dean Kukan is hit by Robby Fabbri.
10:55 of 3rd period - Snap shot by Mark Jankowski.
10:55 of 3rd period - Stopped by Igor Shesterkin without a rebound.
10:56 of 3rd period - Corey Trivino wins face-off versus Tyler Bozak in Rocket zone.
10:56 of 3rd period - Corey Trivino is hit by Carl Gunnarsson.
11:22 of 3rd period - Danton Heinen is hit by Adam Erne and loses puck.
11:31 of 3rd period - Snap shot by Louis Leblanc.
11:31 of 3rd period - Shot Misses the Net.
12:28 of 3rd period - Snap shot by Corey Trivino.
12:28 of 3rd period - Stopped by Carter Hart without a rebound.
12:29 of 3rd period - Louis Leblanc wins face-off versus Peter Holland in Condors zone.
12:29 of 3rd period - Louis Leblanc is hit by Adrian Kempe.
12:43 of 3rd period - Slapshot by Louis Leblanc.
12:43 of 3rd period - Deflect By Adam Erne.
12:43 of 3rd period - Shot Misses the Net.
12:43 of 3rd period - Puck is out of play.
12:44 of 3rd period - Tyler Bozak wins face-off versus Corey Trivino in Rocket zone.
12:47 of 3rd period - Wrist shot by Tyler Bozak.
12:47 of 3rd period - Stopped by Igor Shesterkin with a rebound.
12:55 of 3rd period - Wrist shot by Brandon Pirri.
12:55 of 3rd period - Stopped by Carter Hart with a rebound.
12:57 of 3rd period - Wrist shot by Corey Trivino.
12:57 of 3rd period - Stopped by Carter Hart without a rebound.
12:58 of 3rd period - Peter Holland wins face-off versus Mark Jankowski in Condors zone.
13:32 of 3rd period - Viktor Loov is hit by Scott Mayfield and loses puck.
13:45 of 3rd period - Snap shot by Dominic Turgeon.
13:45 of 3rd period - Stopped by Carter Hart with a rebound.
14:09 of 3rd period - Slapshot by Daniel Zaar.
14:09 of 3rd period - Stopped by Igor Shesterkin with a rebound.
14:11 of 3rd period - Slapshot by Alexandre Carrier.
14:11 of 3rd period - Stopped by Igor Shesterkin without a rebound.
14:12 of 3rd period - Mason Appleton wins face-off versus Mark Jankowski in Rocket zone.
14:12 of 3rd period - Mason Appleton is hit by Carl Gunnarsson.
14:22 of 3rd period - Wrist shot by Jakub Vrana.
14:22 of 3rd period - Stopped by Carter Hart with a rebound.
14:24 of 3rd period - Minor Penalty to Carl Gunnarsson for Hooking.
14:25 of 3rd period - Corey Trivino wins face-off versus Anton Slepyshev in Condors zone.
14:32 of 3rd period - Slapshot by Brandon Pirri.
14:32 of 3rd period - Stopped by Carter Hart without a rebound.
14:33 of 3rd period - Corey Trivino wins face-off versus Tyler Bozak in Condors zone.
15:04 of 3rd period - Wrist shot by Mark Jankowski.
15:04 of 3rd period - Shot Misses the Net.
16:24 of 3rd period - Penalty to Carl Gunnarsson is over, Carl Gunnarsson is back on ice.
16:35 of 3rd period - Wrist shot by Louis Leblanc.
16:35 of 3rd period - Shot Misses the Net.
16:47 of 3rd period - Snap shot by Louis Leblanc.
16:47 of 3rd period - Stopped by Igor Shesterkin with a rebound.
17:42 of 3rd period - Alexandre Carrier is hit by Jakub Vrana and loses puck.
18:31 of 3rd period - Off-side.
18:32 of 3rd period - Mason Appleton wins face-off versus Louis Leblanc in neutral zone.
18:37 of 3rd period - Snap shot by Jakub Vrana.
18:37 of 3rd period - Stopped by Carter Hart with a rebound.
18:39 of 3rd period - Wrist shot by Kole Sherwood.
18:39 of 3rd period - Goal by Kole Sherwood - Rocket : 10 - Condors : 2.
18:40 of 3rd period - Mark Jankowski wins face-off versus Corey Trivino in neutral zone.
19:05 of 3rd period - Anton Slepyshev is hit by Danton Heinen and loses puck.
19:16 of 3rd period - Wrist shot by Anton Slepyshev.
19:16 of 3rd period - Shot Blocked by Danton Heinen.
Goals for this period are 3 for Rocket vs 0 for Condors.
Shots for this period are 14 for Rocket vs 9 for Condors.